 Dungeon Crawl Stone Soup version 0.19-a0-1065-gdac414d (webtiles) character file.

68851 Gagarin the Grappler (level 14, -4/216 HPs)
             Began as a Troll Monk on Aug 3, 2016.
             Was the Champion of Ru.
             Slain by an iron troll (20 damage)
             ... on level 11 of the Dungeon.
             The game lasted 01:45:39 (19693 turns).

Gagarin the Grappler (Troll Monk)                  Turns: 19693, Time: 01:45:39

Health: -4/216     AC: 27    Str: 32    XL:     14   Next: 88%
Magic:  12/15      EV:  1    Int: 10    God:    Ru [******]
Gold:   1537       SH:  0    Dex: 14    Spells: 1 memorised, 15 levels left

rFire  + . .     SeeInvis .       - Unarmed
rCold  . . .     Gourm    +     (armour currently unavailable)
rNeg   + + +     Faith    .     (no shield)
rPois  +         Spirit   .     (helmet currently unavailable)
rElec  .         Dismiss  .     (cloak currently unavailable)
rCorr  .         Reflect  .     (gloves unavailable)
SustAt .         Harm     .     (boots unavailable)
MR     +....     NoTele   +     T - amulet of regeneration
Stlth  ++++......               B - +6 ring of slaying
                                i - ring of Esoimpan {rF+ rN+ Str+3 Int+4}

@: mighty, tree-form, no scrolls
A: unfitting armour, (claws 0), fast metabolism 3, gourmand, regeneration 2,
(shaggy fur 0), (tough skin 0), inability to read while threatened, hated by
all, inability to train armour, no ice magic, no translocations magic, no
transmutations magic, unskilled 1
a: Draw Out Power, Power Leap, Apocalypse, Renounce Religion


You were on level 11 of the Dungeon.
You worshipped Ru.
Ru was exalted by your worship.
You were very full.
You were a tree.
You visited 4 branches of the dungeon, and saw 20 of its levels.
You also visited: Labyrinth, Ossuary and Ice Cave.

You collected 2443 gold pieces.
You spent 906 gold pieces at shops.

Inventory:

Hand Weapons
 V - a +0 giant club of venom
Missiles
 l - 4 large rocks (quivered)
Armour
 a - the +2 cloak of Ulunku Hone (melded) {rF+ Regen+ Int-4 Dex+2}
   (You found it on level 9 of the Dungeon)

   It affects your intelligence (-4).
   It affects your dexterity (+2).
   It protects you from fire.
   It increases your rate of regeneration.
 I - a troll hide
 M - a +2 robe of positive energy (melded)
Rods
 d - a +2 rod of inaccuracy (11/11)
   (You found it in a labyrinth)
 w - a +9 rod of ignition (14/14)
   (You found it on level 6 of the Lair of Beasts)
Jewellery
 i - the ring of Esoimpan (left branch) {rF+ rN+ Str+3 Int+4}
   (You found it on level 10 of the Dungeon)

   [ring of positive energy]

   It affects your strength (+3).
   It affects your intelligence (+4).
   It protects you from fire.
   It protects you from negative energy.
 y - the ring "Faoqijedi" {+Fly Dex+3}
   (You bought it in a shop on level 1 of the Orcish Mines)

   [ring of flight]

   It affects your dexterity (+3).
   It lets you fly.
 B - a +6 ring of slaying (right branch)
 H - an uncursed ring of see invisible
 T - an amulet of regeneration (around neck)
Wands
 q - a wand of disintegration (5/24)
 F - a wand of heal wounds (0/9)
 R - a wand of teleportation (6/9)
 S - a wand of digging (16/24)
 U - a wand of lightning (8/15)
Scrolls
 c - 4 scrolls of magic mapping
 h - 8 scrolls of remove curse
 m - a scroll of blinking
 n - 3 scrolls of identify
 x - 3 scrolls of amnesia
 A - 5 scrolls of fear
 C - a scroll of enchant armour
 E - a scroll of acquirement
 W - 3 scrolls of recharging
Potions
 e - 2 potions of lignification
 k - a potion of mutation {unknown}
 o - 2 potions of cancellation
 s - 5 potions of curing
 t - 2 potions of haste
 u - 3 potions of might
 v - 2 potions of cure mutation {unknown}
 z - 2 potions of agility
 G - 7 potions of flight
 J - 4 potions of degeneration {unknown}
 Q - 2 potions of brilliance {unknown}
Comestibles
 b - 15 bread rations
 f - 5 meat rations
 g - 23 fruits
 j - 9 beef jerkies
 L - 2 royal jellies
 N - 8 slices of pizza


   Skills:
 + Level 10.5 Fighting
 + Level 0.5 Maces & Flails
 + Level 11.5 Dodging
 + Level 5.7 Stealth
 + Level 13.3 Unarmed Combat
 + Level 1.6 Spellcasting
 + Level 1.8 Hexes
 + Level 3.1 Evocations


You had 15 spell levels left.
You knew the following spells:

 Your Spells              Type           Power        Failure   Level  Hunger
a - Corona                Hex            #......      17%         1    ##.....


Dungeon Overview and Level Annotations

Branches:
Dungeon (11/15)            Temple (1/1) D:7            Lair (6/6) D:10
 Shoals (0/4) Lair:4       Spider (0/4) Lair:4        Slime (0/5) Lair:5
    Orc (2/2) D:11            Elf (0/3) Orc:2

Altars:
Ashenzari
Cheibriados
Dithmenos
Elyvilon
Fedhas
Gozag
Hepliaklqana
Kikubaaqudgha
Makhleb
Nemelex Xobeh
Okawaru
Pakellas
Qazlal
Ru
Sif Muna
Trog
Uskayaw
Vehumet
Xom
Yredelemnul
Zin
The Shining One
Jiyva
Lugonu

Shops:
D:8 (   D:11 *   Orc:1 [%*   Orc:2 [=[=


Innate Abilities, Weirdness & Mutations

You are too large for most types of armour.
((You have claws for hands.))
Your metabolism is lightning-fast.
You like to eat raw meat.
You heal very quickly.
((You are covered in fur. (AC +1)))
((You have very tough skin. (AC +2)))
You cannot read scrolls while threatened.
You are hated by all.
You cannot train Armour skill.
You cannot study or cast Ice magic.
You cannot study or cast Translocations magic.
You cannot study or cast Transmutations magic.
You are somewhat unskilled. (-1 Apt)


Message History

An electric eel comes into view.
You smack the iron troll!
The iron troll is heavily wounded.
You smack the iron troll!
The iron troll is severely wounded.
You can read scrolls again.
The electric eel begins to attack, but is stunned by your will!
The iron troll bites you!
* * * LOW HITPOINT WARNING * * *
The iron troll claws you.
* * * LOW HITPOINT WARNING * * *
The iron troll claws you but does no damage.
You feel better.
Okay, then.
You smack the iron troll!
The iron troll is almost dead.
You feel less exhausted. The iron troll bites you!!
You feel threatened and lose the ability to read scrolls!
You die...

.###≈≈≈≈≈≈≈≈≈≈≈≈≈≈≈
.##≈≈≈≈≈≈≈≈≈≈≈##### .;#.
.#≈≈≈≈≈≈≈≈≈≈≈≈# ..'.
.#≈≈≈≈≈≈≈≈≈≈≈≈# ≈[≈##
.#≈≈≈≈≈≈≈≈≈≈≈≈#####≈.≈≈≈
.#≈≈≈≈≈≈≈≈≈≈≈≈≈≈≈≈≈≈.≈≈≈
.# #................? .#
#.........†T...... .#
#.........♣†......
.######.................
...........######.......
............... .######
...........#### ##
...........#
...........#
####.##...## ..##.######


You could see an iron troll and an electric eel.

Vanquished Creatures
  2 entropy weavers (Lair:6)
  A dire elephant (Lair:6)
  A minotaur (Lab)
  6 hydras
  The ghost of RexLacerta the Blocker, a journeyman MiFi of Okawaru (D:10)
  2 ice dragons (IceCv)
  A merfolk avatar (Lair:6)
  5 death yaks
  A queen ant (Lair:6)
  4 orc high priests (Orc:2)
  A sea snake (Lair:6)
  An unseen horror (D:8)
  3 deep trolls (D:11)
  5 orc knights (Orc:2)
  3 hill giants
  A harpy (Lair:6)
  4 griffons
  An orc sorcerer (Orc:2)
  A cyclops (D:11)
  A manticore (Lair:6)
  2 ice statues (IceCv)
  8 elephants (Lair:6)
  4 black mambas
  9 spiny frogs
  2 torpor snails
  7 rime drakes
  8 komodo dragons
  2 minotaur zombies (Lab)
  5 trolls
  2 wind drakes (Lair:6)
  2 polar bears (Lair:6)
  A two-headed ogre (D:10)
  A shadow (Lab)
  5 wyverns (Lair:6)
  A tarantella (Lair:4)
  2 wraiths
  30 yaks
  3 humans (D:7)
  2 hogs (D:7)
  The ghost of Kenran the Chopper, an amateur DDFi of Makhleb (D:3)
  13 hippogriffs
  Menkaure (D:5)
  A hungry ghost (D:11)
  4 wargs
  20 soldier ants (Lair:6)
  13 porcupines
  14 water moccasins
  16 ice beasts
  2 wasps (Lair:6)
  3 sky beasts
  A phantom (D:11)
  6 wolves
  29 orc warriors
  A necrophage (D:7)
  7 centaurs
  7 ogres
  10 crocodiles
  10 giant frogs
  7 scorpions
  12 killer bees
  18 wights
  2 electric eels (D:11)
  4 howler monkeys
  3 crimson imps
  2 giant frog zombies
  34 orc priests
  3 hounds
  3 centaur skeletons
  3 giant frog skeletons
  20 orc wizards
  6 iguanas
  22 worker ants
  7 sheep
  8 big kobold zombies (Ossuary)
  2 hound skeletons
  2 mummies
  A howler monkey zombie (D:9)
  2 worker ant zombies
  5 gnolls
  14 adders
  36 river rats
  4 shadow imps
  12 white imps (Lair:3)
  An adder zombie (D:6)
  2 adder skeletons
  A worm (D:3)
  A dart slug (D:3)
  7 giant geckos
  91 orcs
  2 spectral bats (Ossuary)
  4 giant cockroaches
  4 gnoll zombies (Ossuary)
  11 goblins
  6 hobgoblins
  7 jackals
  5 quokkas
  4 ball pythons
  4 bats
  A bat simulacrum (Ossuary)
  3 giant newts
  6 goblin simulacra (Ossuary)
  2 goblin skeletons (D:2)
  8 goblin zombies
  5 hobgoblin zombies (Ossuary)
  A jackal skeleton (D:4)
  A jackal zombie (D:4)
  6 kobolds
  3 kobold simulacra (Ossuary)
  2 kobold zombies (Ossuary)
  5 orc zombies
  A quokka skeleton (D:5)
  A quokka zombie (D:7)
  10 rats
  2 rat simulacra (Ossuary)
  3 spectral goblins (Ossuary)
  A spectral kobold (Ossuary)
  5 spectral rats (Ossuary)
  A plant (Lair:6)
749 creatures vanquished.

Vanquished Creatures (others)
  An ettin (Orc:2)
  2 hydras
  An orc high priest (Orc:2)
  An elephant (Lair:6)
  A soldier ant (Lair:6)
  An iguana (Lair:1)
  10 fungi
  32 plants
49 creatures vanquished.

Grand Total: 798 creatures vanquished

Notes
Turn   | Place    | Note
-------+----------+-------------------------------------------
     0 | D:1      | Gagarin the Troll Monk began the quest for the Orb.
     0 | D:1      | Reached XP level 1. HP: 22/22 MP: 0/0
   332 | D:1      | Reached XP level 2. HP: 29/29 MP: 1/1
   895 | D:2      | Noticed a human
   901 | D:2      | Found a runed door.
   911 | D:2      | Found a basalt altar of Yredelemnul.
  1015 | D:2      | Reached XP level 3. HP: 36/36 MP: 2/2
  1102 | D:2      | Found a snail-covered altar of Cheibriados.
  1325 | D:2      | Found a shimmering altar of Xom.
  1333 | D:2      | Found a hazy altar of Hepliaklqana.
  1333 | D:2      | Noticed a hungry ghost
  1336 | D:2      | Noticed a spectral ugly thing
  1336 | D:2      | Noticed a hungry ghost
  1439 | D:3      | Found a hide-covered altar of Uskayaw.
  1476 | D:3      | Reached XP level 4. HP: 43/45 MP: 3/3
  1581 | D:3      | Noticed Kenran's ghost (amateur DDFi)
  1693 | D:4      | Found a bloodstained altar of Trog.
  1855 | D:4      | Found a radiant altar of Vehumet.
  1964 | D:4      | Reached XP level 5. HP: 35/53 MP: 4/4
  1968 | D:4      | Reached skill level 4 in Unarmed Combat
  2237 | D:4      | Reached XP level 6. HP: 42/62 MP: 5/5
  2775 | D:3      | Killed Kenran's ghost
  2775 | D:3      | Reached XP level 7. HP: 46/70 MP: 6/6
  3121 | D:5      | Entered Level 5 of the Dungeon
  3232 | D:5      | Reached skill level 5 in Unarmed Combat
  3413 | D:5      | Noticed Menkaure
  3419 | D:5      | Killed Menkaure
  3631 | D:5      | Reached skill level 5 in Dodging
  3631 | D:5      | Reached skill level 6 in Unarmed Combat
  3666 | D:5      | Found a burning altar of Makhleb.
  3877 | D:5      | Reached XP level 8. HP: 78/79 MP: 7/7
  4068 | D:6      | Reached skill level 5 in Fighting
  4252 | D:6      | Reached skill level 7 in Unarmed Combat
  4359 | D:6      | Found a white marble altar of Elyvilon.
  4374 | D:6      | Found a blossoming altar of Fedhas.
  4406 | D:6      | Reached XP level 9. HP: 43/89 MP: 8/8
  4931 | D:7      | Reached skill level 8 in Unarmed Combat
  4997 | D:7      | Found a sand-covered staircase.
  5002 | Ossuary  | Entered an ossuary
  5521 | D:7      | Found an iron altar of Okawaru.
  5658 | D:7      | Found a staircase to the Ecumenical Temple.
  5667 | Temple   | Entered the Ecumenical Temple
  5724 | Temple   | Became a worshipper of Ru the Awakened
  5740 | Temple   | Gained mutation: You are hated by all. [Ru sacrifice]
  5740 | Temple   | Reached * piety under Ru
  5749 | D:7      | Reached XP level 10. HP: 101/101 MP: 9/9
  6048 | D:7      | Learned a level 1 spell: Corona
  6227 | D:8      | Reached skill level 9 in Unarmed Combat
  6295 | D:8      | Found an ancient bone altar of Kikubaaqudgha.
  6365 | D:8      | Found a white marble altar of Elyvilon.
  6408 | D:8      | Killed an unseen horror
  6526 | D:8      | Found an opulent altar of Gozag.
  6584 | D:8      | Found Foixt's Weapon Boutique.
  6857 | D:8      | Identified a +0 rod of shadows (12/12) (You found it on level 7 of the Dungeon)
  7088 | D:9      | Got a dazzling cloak
  7089 | D:9      | Identified the +2 cloak of Ulunku Hone {rF+ Regen+ Int-4 Dex+2} (You found it on level 9 of the Dungeon)
  7376 | D:9      | Reached skill level 1 in Hexes
  7596 | D:9      | Found an oddly glowing altar of Pakellas.
  7598 | D:9      | Found a stormy altar of Qazlal.
  7602 | D:9      | Found a sparkling altar of Nemelex Xobeh.
  7782 | D:10     | Entered Level 10 of the Dungeon
  7786 | D:10     | Found a stormy altar of Qazlal.
  7897 | D:10     | Found a staircase to the Lair.
  7916 | D:10     | Noticed RexLacerta's ghost (journeyman MiFi)
  7925 | D:10     | Gained mutation: You cannot study or cast Ice magic. [Ru sacrifice]
  7925 | D:10     | Gained mutation: You cannot study or cast Transmutations magic. [Ru sacrifice]
  7925 | D:10     | Gained mutation: You cannot study or cast Translocations magic. [Ru sacrifice]
  7925 | D:10     | Reached ** piety under Ru
  7941 | D:10     | Killed RexLacerta's ghost
  7941 | D:10     | Reached skill level 1 in Spellcasting
  7941 | D:10     | Reached XP level 11. HP: 37/111 MP: 11/11
  7999 | Lair:1   | Entered Level 1 of the Lair of Beasts
  8032 | Lair:1   | Reached skill level 10 in Unarmed Combat
  8201 | Lair:1   | Found a labyrinth entrance.
  8226 | Lab      | Entered a labyrinth
  8368 | Lab      | Noticed a minotaur
  8386 | Lab      | Killed a minotaur
  8445 | Lab      | Got a translucent hand crossbow
  8611 | Lair:1   | Identified the +6 hand crossbow "Madethrafi" {freeze, Int+3} (You found it in a labyrinth)
  8617 | Lair:1   | Identified a +2 rod of inaccuracy (11/11) (You found it in a labyrinth)
  9498 | Lair:2   | Gained mutation: You are somewhat unskilled. (-1 Apt) [Ru sacrifice]
  9498 | Lair:2   | Reduced skill Unarmed Combat to level 9
  9498 | Lair:2   | Reached *** piety under Ru
  9498 | Lair:2   | Reached **** piety under Ru
  9676 | Lair:2   | Reached skill level 10 in Unarmed Combat
 10326 | Lair:3   | Found a frozen archway.
 10362 | IceCv    | Entered an ice cave
 10398 | IceCv    | Reached XP level 12. HP: 78/122 MP: 12/12
 10607 | IceCv    | Reached skill level 1 in Evocations
 10718 | IceCv    | Noticed an ice dragon
 10719 | IceCv    | Noticed an ice dragon
 10727 | IceCv    | Killed an ice dragon
 10732 | IceCv    | Killed an ice dragon
 11272 | Lair:3   | Noticed a seven-headed hydra
 11548 | Lair:3   | Noticed a six-headed hydra
 11552 | Lair:3   | Killed a six-headed hydra
 11585 | Lair:3   | Noticed a five-headed hydra
 11813 | Lair:3   | Killed a five-headed hydra
 12275 | Lair:3   | Gained mutation: You cannot train Armour skill. [Ru sacrifice]
 12275 | Lair:3   | Reached ***** piety under Ru
 12289 | Lair:4   | Found a staircase to the Shoals.
 12321 | Lair:4   | Noticed an eight-headed hydra
 12325 | Lair:4   | Killed an eight-headed hydra
 12325 | Lair:4   | Reached skill level 11 in Unarmed Combat
 12756 | Lair:4   | Found a hole to the Spider Nest.
 13259 | Lair:5   | Noticed a death yak
 13259 | Lair:5   | Noticed a death yak
 13261 | Lair:5   | Noticed a death yak
 13389 | Lair:5   | Found a staircase to the Slime Pits.
 13389 | Lair:5   | Found a viscous altar of Jiyva.
 13389 | Lair:5   | Noticed a death yak
 13398 | Lair:5   | Killed a death yak
 13398 | Lair:5   | Reached XP level 13. HP: 103/131 MP: 8/13
 14230 | Lair:6   | Entered Level 6 of the Lair of Beasts
 14580 | Lair:6   | Noticed an entropy weaver
 14615 | Lair:6   | Reached skill level 10 in Dodging
 14628 | Lair:6   | Killed an entropy weaver
 14628 | Lair:6   | Reached skill level 5 in Stealth
 14848 | Lair:6   | Noticed an entropy weaver
 15060 | Lair:6   | Reached skill level 12 in Unarmed Combat
 15853 | Lair:6   | Reached XP level 14. HP: 66/141 MP: 10/15
 15859 | Lair:6   | HP: 3/141 [komodo dragon (23)]
 16119 | Lair:6   | Reached skill level 10 in Fighting
 16295 | Lair:6   | Killed an entropy weaver
 16708 | Lair:1   | Identified a +9 rod of ignition (14/14) (You found it on level 6 of the Lair of Beasts)
 16840 | D:10     | Got a pitted amber ring
 16843 | D:10     | Identified the ring of Esoimpan {rF+ rN+ Str+3 Int+4} (You found it on level 10 of the Dungeon)
 17661 | D:11     | Found Gepaty's Changing Room.
 17883 | D:11     | Found a staircase to the Orcish Mines.
 17949 | Orc:1    | Entered Level 1 of the Orcish Mines
 17949 | Orc:1    | Found Jeizudd's Armour Boutique.
 17954 | Orc:1    | Found Pontamue's Assorted Antiques.
 18049 | Orc:1    | Bought a faintly glowing turquoise ring for 155 gold pieces
 18049 | Orc:1    | Bought a scroll labeled DOMEGA LOOPA for 31 gold pieces
 18050 | Orc:1    | Identified the ring "Faoqijedi" {+Fly Dex+3} (You bought it in a shop on level 1 of the Orcish Mines)
 18077 | Orc:1    | Found Zisa's Food Boutique.
 18190 | Orc:2    | Entered Level 2 of the Orcish Mines
 18349 | Orc:2    | Found a staircase to the Elven Halls.
 18525 | Orc:2    | Reached skill level 13 in Unarmed Combat
 18832 | Orc:2    | Gained mutation: You cannot read scrolls while threatened. [Ru sacrifice]
 18832 | Orc:2    | Reached ****** piety under Ru
 18994 | Orc:2    | Found Xuokhlued's Antique Armour Shop.
 18994 | Orc:2    | Found Vocohoqi's Jewellery Shop.
 18998 | Orc:2    | Found Fumav's Jewellery Boutique.
 18998 | Orc:2    | Found Cabbi's Antique Armour Shop.
 19028 | Orc:2    | Bought an uncursed ring of see invisible for 240 gold pieces
 19028 | Orc:2    | Bought an uncursed amulet of regeneration for 480 gold pieces
 19186 | Orc:2    | Found Joptaig's Jewellery Shoppe.
 19691 | D:11     | HP: 9/216 [iron troll (4)]
 19693 | D:11     | Slain by an iron troll

Vault maps used:
D:1:      dpeg_arrival_arbitrary_a, minmay_strange_pillars
D:2:      regret_index_temple_of_mockery, lemuel_crystal_altar,
          dk_yredelemnul_ordeal
D:3:      eat_drink_and_be_merry_uskayaw, first_bread, corexii_leaking_fountain
D:4:      marbit_many_paths, trog_book
D:5:      lemuel_doored_altar, uniq_menkaure
D:6:      minmay_diamond_boxcup, nicolae_overflow_crystal_walls, fedhas_altar_3
D:7:      okawaru_humans, nicolae_ossuary_entry_giza, grunt_livestock,
          grunt_decor_fettered
D:8:      nicolae_gozag_cash_rules_everything_around_me, old_standard_altar,
          basic_altar, serial_shops, shop
D:9:      minitemple
D:10:     erik_lair_orcish_takeover, nicolae_qazlal_general_emergency
D:11:     lemuel_troll_bridge, erik_orc_3, nicolae_transmutations_shop
Temple:   corrupted_temple
Lair:1:   lab_entry_generic, st_stairs_7, infiniplex_staircase_pool,
          grunt_megastairs_2
Lair:2:   beast_lair_carwin_11
Lair:3:   portal_ice_cave_entry_imps, enter_volcano_1, st_stairs_12,
          lemuel_fruit_tree
Lair:4:   minmay_shoals_entry_centaurs, dummy_spider_entry, grunt_megastairs_4
Lair:5:   slime_altar_1, beast_lair_carwin_2
Lair:6:   gammafunk_lair_ancient_temple, zaba_antful_of_joy
Orc:1:    serial_shops, nicolae_shop_trees, nicolae_shop_trees, shop,
          mines2_lemuel
Orc:2:    st_orc_pillars, serial_shops, nicolae_shop_trees
Lab:      labyrinth_hidden_loot, nicolae_lab_swirl, nicolae_lab_checkerboard
Ossuary:  ossuary_zaba_two_paths
IceCv:    ice_cave_small_dragons

Skill      XL: |  1  2  3  4  5  6  7  8  9 10 11 12 13 14 |
---------------+-------------------------------------------+-----
Dodging        | 3 4 5 6 7 8 9 10 11 | 11.5
Fighting       | 3 4 5 7 8 9 10 | 10.5
Unarmed Combat | 4 6 7 8 9 10 11 12 13 | 13.3
Stealth        | 2 3 4 5 |  5.7
Hexes          | 1 |  1.8
Spellcasting   | 1 |  1.6
Evocations     | 2 3 |  3.1
Maces & Flails | |  0.5

Action                   |  1- 3 |  4- 6 |  7- 9 | 10-12 | 13-15 || total
-------------------------+-------+-------+-------+-------+-------++-------
Melee: Unarmed           |   107 |   156 |   320 |   580 |   712 ||  1875
       Punch             |       |     1 |     8 |    44 |    62 ||   115
       Giant club        |       |       |       |     9 |       ||     9
 Cast: Corona            |       |       |       |     8 |    14 ||    22
Invok: Sacrifice Love    |       |       |     1 |       |       ||     1
       Sacrifice Arcana  |       |       |       |     1 |       ||     1
       Sacrifice Skill   |       |       |       |     1 |       ||     1
       Power Leap        |       |       |       |     2 |    16 ||    18
       Draw Out Power    |       |       |       |     1 |     3 ||     4
       Sacrifice Durabil |       |       |       |     1 |       ||     1
       Reject Sacrifices |       |       |       |       |     1 ||     1
       Apocalypse        |       |       |       |       |     1 ||     1
       Sacrifice Words   |       |       |       |       |     1 ||     1
Evoke: Wand              |       |       |     1 |    10 |     6 ||    17
       Rod               |       |       |       |    11 |    44 ||    55
       Fan of gales      |       |       |       |       |     1 ||     1
  Use: Scroll            |       |     5 |     3 |    26 |     6 ||    40
       Potion            |       |       |       |     8 |     6 ||    14
 Stab: Sleeping          |     1 |       |    11 |     8 |     2 ||    22
       Distracted        |       |     1 |       |     2 |     9 ||    12
       Invisible         |       |       |       |     7 |    10 ||    17
       Paralysed         |       |       |       |     3 |     2 ||     5
  Eat: Chunk             |    19 |    11 |    27 |    73 |    67 ||   197
       Pizza             |       |       |     1 |       |       ||     1
Armor: Robe              |    29 |    38 |    31 |       |    14 ||   112
       Animal skin       |       |       |    26 |   136 |   103 ||   265
       Skin              |       |       |       |    11 |    29 ||    40
Dodge: Dodged            |    49 |    80 |   174 |   442 |   426 ||  1171
